 Dungeon Crawl Stone Soup version 0.30-a0-956-gcec3b41aec (webtiles) character file.

Game seed: 2244207054269773609

17453 Newt the Markskobold (level 12, -8/65 HPs)
             Began as a Kobold Hunter on Mar 29, 2023.
             Was an Elder of Hepliaklqana.
             Mangled by a warg (12 damage)
             ... on level 9 of the Dungeon.
             The game lasted 00:11:59 (10187 turns).

Newt the Markskobold (Kobold Hunter)               Turns: 10187, Time: 00:11:59

Health: -8/65      AC: 11    Str:  0 (3)  XL:     12   Next: 82%
Magic:  0/21       EV: 14    Int:  9 (11) God:    Hepliaklqana [****..]
Gold:   371        SH:  0    Dex: 22 (23) Spells: 11/11 levels left

rFire   . . .      SeeInvis +    a - +1 shortbow (freeze)
rCold   . . .      Faith    .    (shield currently unavailable)
rNeg    + . .      Spirit   +    E - +3 leather armour of the Harvest {+Blink rN+ Str-5 Slay+3}
rPois   .          Reflect  .    O - +1 hat {Stlth+}
rElec   .          Rampage  .    k - +1 cloak {rCorr}
rCorr   +                        (no gloves)
Will    .....                    r - +1 pair of boots
Stlth   ++++                     F - amulet of guardian spirit
HPRegen 0.00/turn                s - ring of magical power
MPRegen 0.17/turn                d - ring of see invisible

@: inhibited regen, slowed, lost strength, very slow
A: reduced essence, small, no large weapons, nightstalker 3
a: Renounce Religion, Evoke Blink, Recall Ancestor, Ancestor Identity,
Transference, Idealise


You were on level 9 of the Dungeon.
You worshipped Hepliaklqana.
Hepliaklqana was greatly pleased with you.
You visited 1 branch of the dungeon, and saw 10 of its levels.
You also visited: Bailey.

You collected 525 gold pieces.
You spent 154 gold pieces at shops.

Inventory:

Hand Weapons
 a - a +1 shortbow of freezing (weapon)
 K - a +0 arbalest
 M - a +0 sling
Missiles
 g - 2 throwing nets
Armour
 c - a +0 leather armour
 i - a +0 pair of boots
 k - a +1 cloak of preservation (worn)
 q - a +0 helmet
 r - a +1 pair of boots (worn)
 B - a +2 leather armour of fire resistance
 E - the +3 leather armour of the Harvest (worn) {+Blink rN+ Str-5 Slay+3}
   (You bought it in a shop on level 4 of the Dungeon)

   Str:       It affects your strength (-5).
   Slay:      It affects your accuracy & damage with ranged weapons and melee
   (+3).
   rN:        It protects you from negative energy.
   +Blink:    It lets you blink.
 O - a +1 hat of stealth (worn)
 S - a +2 robe of positive energy
 V - a +0 troll leather armour
Jewellery
 d - a ring of see invisible (right hand)
 h - a ring of positive energy
 o - a ring of positive energy
 s - a ring of magical power (left hand)
 F - an amulet of guardian spirit (around neck)
Wands
 l - a wand of mindburst (21)
 x - a wand of light (5)
 J - a wand of roots (5)
 T - a wand of flame (11)
Scrolls
 f - a scroll of teleportation
 n - a scroll of magic mapping
 t - a scroll of poison
 w - a scroll of noise {unknown}
 y - 2 scrolls of summoning
 C - a scroll of enchant weapon
 G - a scroll of torment {unknown}
 H - a scroll of fear {unknown}
 N - 2 scrolls of blinking
 Q - a scroll of fog
 U - a scroll of identify
Potions
 b - 2 potions of invisibility
 e - a potion of berserk rage
 j - 2 potions of might
 m - 2 potions of heal wounds
 p - 2 potions of curing
 u - 3 potions of mutation
 v - 2 potions of degeneration
 z - a potion of cancellation
 A - a potion of resistance
 D - 2 potions of lignification {unknown}
 I - a potion of flight
 L - a potion of haste
 P - 3 potions of magic
 R - a potion of brilliance {unknown}


   Skills:
 - Level 8.0 Fighting
 - Level 18.2 Ranged Weapons
 - Level 4.0 Armour
 + Level 7.6 Dodging
 - Level 1.3 Stealth
 - Level 11.6 Evocations


You had 11 spell levels left.
You didn't know any spells.
Your spell library contained the following spells:

 Spells                   Type           Power      Damage    Failure   Level
 Kiss of Death            Conj/Necr      0%         2d5       80%         1
 Summon Small Mammal      Summ           0%         N/A       80%         1
 Call Canine Familiar     Summ           0%         N/A       99%         3
 Confusing Touch          Hex            0%         N/A       99%         3
 Summon Guardian Golem    Hex/Summ       0%         N/A       99%         3
 Animate Dead             Necr           0%         N/A       100%        4
 Dispel Undead            Necr           0%         3d6       100%        4
 Borgnjor's Vile Clutch   Necr/Erth      0%         N/A       100%        5
 Death Channel            Necr           0%         N/A       100%        6


Dungeon Overview and Level Annotations

Branches:
Dungeon (10/15)            Temple (0/1) D:6          Bailey (visited)
   Lair: D:8-11         Orc: D:9-12

Altars:
Ashenzari
Elyvilon
Hepliaklqana
Nemelex Xobeh
Ru
Uskayaw

Shops:
D:4 [


Innate Abilities, Weirdness & Mutations

Your life essence is reduced to manifest your ancestor. (-10% HP)
You are small and have problems with some larger weapons.
You are completely attuned to the shadows.


Message History

Aula hits the kobold brigand but does no damage.
The warg bites you. The warg bites you! The warg misses you.
You climb upwards.
There is a stone staircase leading down here.
Unknown command.
Unknown command.
Aula is recalled.
The warg bites you.
* * * LOW HITPOINT WARNING * * *
The warg closely misses you. The warg completely misses you.
The warg barely misses you. The warg bites you.
* * * LOW HITPOINT WARNING * * *
Aula blocks the warg's attack.
The warg bites Aula.
Aula hits the warg with a +0 flail!
Unknown command.
You shoot an arrow. The arrow hits the warg!
The arrow freezes the warg.
The warg is heavily wounded.
Aula blocks the warg's attack.
The warg bites you.
* * * LOW HITPOINT WARNING * * *
The warg closely misses Aula.
Aula blocks the warg's attack.
Aula closely misses the warg.
Unknown command.
The warg attacks as you move away! The warg bites you!
* * * LOW HITPOINT WARNING * * *
The warg bites you!
* * * LOW HITPOINT WARNING * * *
The warg closely misses you.
Unknown command.
You feel much better. The warg bites you! The warg bites you.
* * * LOW HITPOINT WARNING * * *
The warg barely misses you. The warg completely misses you.
The warg pauses to sniff the ground.
The warg misses you. The warg barely misses you.
Unknown command.
You shoot an arrow. The arrow hits the warg!
The arrow freezes the warg.
The warg is almost dead.
The warg bites you!
* * * LOW HITPOINT WARNING * * *
The warg bites you!
You die...

#........###..≈.>.≈.#####.# #.
.##..#........≈.∩(≈.......######.
####...#####..≈..(≈..###.........
# ##.## #..≈≈~≈≈..# #.#######.
#.# #.....((.## #.# #. #.#
####.##.## #.# #. #.# #......#
#.# #. #.#######.#.#..#####.###
#. #..........h@..........#####.
#########.#h#h......)........
#.>R..########.#####. ###.### #.#
#. ##.## ##.# #. ####...# #..# #.
#.....># #)## #. #.##...# #.# #.
#.###### #.# #.


You could see the friendly Aula the knight and 3 wargs.

Vanquished Creatures
  Gastronok (D:8)
  An orc warlord (Bailey)
  Amaemon (D:8)
  Joseph (D:7)
  An orange demon (D:8)
  Maggie (D:7)
  2 trolls (D:9)
  Grinder (D:5)
  A wyvern (D:8)
  Menkaure (D:6)
  A steam dragon (D:8)
  A water moccasin (D:5)
  Duvessa (D:4)
  7 orc warriors
  3 ice beasts
  A black bear (D:5)
  A sky beast (D:7)
  6 ogres
  A centaur (D:7)
  2 kobold brigands
  4 bullfrogs
  4 scorpions
  Dowan (D:4)
  3 killer bees (D:7)
  5 howler monkeys
  2 hounds
  Crazy Yiuf (D:2)
  3 gnoll boudas
  10 orc priests
  4 sleepcaps
  A jelly (D:4)
  Ijyb (D:4)
  Terence (D:2)
  2 iguanas (D:5)
  An orc wizard (D:6)
  Robin (D:3)
  19 gnolls
  2 adders (D:5)
  A shadow imp (D:5)
  3 white imps
  A worm (D:2)
  2 dart slugs
  47 orcs
  3 endoplasms (D:1)
  4 giant cockroaches
  15 goblins
  10 hobgoblins
  4 jackals (D:3)
  7 quokkas
  6 ball pythons
  3 bats
  2 frilled lizards
  22 kobolds
  13 rats
243 creatures vanquished.

Vanquished Creatures (collateral kills)
  A two-headed ogre (D:9)
  Maurice (D:9)
  A wyvern (D:8)
  5 orc warriors
  An ogre (D:8)
  A phantom (D:5)
  A kobold brigand (D:7)
  A killer bee (D:7)
  2 howler monkeys (D:7)
  A gnoll bouda (D:7)
  A gnoll (D:7)
  A dart slug (D:5)
  5 orcs
  A hobgoblin (Bailey)
  2 kobolds (D:10)
25 creatures vanquished.

Vanquished Creatures (others)
  An orc wizard (D:6)
  An ancestor (D:6)
  A ball python (D:4)
  8 fungi
  12 plants (D:7)
23 creatures vanquished.

Grand Total: 291 creatures vanquished

Notes
Turn   | Place    | Note
-------+----------+-------------------------------------------
     0 | D:1      | Newt the Kobold Hunter began the quest for the Orb.
     0 | D:1      | Reached XP level 1. HP: 12/12 MP: 1/1
   219 | D:1      | Reached XP level 2. HP: 18/18 MP: 2/2
   622 | D:1      | Reached XP level 3. HP: 19/23 MP: 3/3
  1153 | D:2      | Noticed Terence
  1161 | D:2      | Killed Terence
  1162 | D:2      | Reached XP level 4. HP: 8/30 MP: 4/4
  1516 | D:2      | Found a runed translucent door.
  1519 | D:2      | Noticed Crazy Yiuf
  1744 | D:2      | Found a sacrificial altar of Ru.
  1895 | D:2      | Found a faded altar of an unknown god.
  2423 | D:2      | Killed Crazy Yiuf
  2424 | D:2      | Reached skill level 5 in Fighting
  2424 | D:2      | Reached XP level 5. HP: 35/35 MP: 5/5
  2628 | D:3      | Reached skill level 6 in Ranged Weapons
  3003 | D:3      | Found a hazy altar of Hepliaklqana.
  3007 | D:3      | Found a sacrificial altar of Ru.
  3010 | D:3      | Became a worshipper of Hepliaklqana the Forgotten
  3013 | D:3      | Found a sparkling altar of Nemelex Xobeh.
  3018 | D:3      | Found a hide-covered altar of Uskayaw.
  3023 | D:3      | Found a white marble altar of Elyvilon.
  3133 | D:3      | Noticed Robin
  3136 | D:3      | Killed Robin
  3138 | D:3      | Reached skill level 7 in Ranged Weapons
  3553 | D:4      | Reached XP level 6. HP: 40/40 MP: 6/6
  3761 | D:4      | Noticed Ijyb
  3783 | D:4      | Killed Ijyb
  3784 | D:4      | Reached skill level 8 in Ranged Weapons
  3863 | D:4      | Noticed Duvessa
  3863 | D:4      | Noticed Dowan
  3878 | D:4      | Killed Duvessa
  3879 | D:4      | Reached XP level 7. HP: 22/44 MP: 7/7
  3884 | D:4      | Killed Dowan
  3885 | D:4      | Reached skill level 9 in Ranged Weapons
  3980 | D:4      | Found a broken altar of Ashenzari.
  4110 | D:4      | Found Afiosmef's Antique Armour Shop.
  4262 | D:5      | Entered Level 5 of the Dungeon
  4262 | D:5      | Noticed a water moccasin
  4265 | D:5      | Killed a water moccasin
  4278 | D:5      | Reached skill level 10 in Ranged Weapons
  4388 | D:4      | Bought a brightly glowing leather armour for 154 gold
                  | pieces
  4388 | D:4      | Identified the +3 leather armour of the Harvest {+Blink rN+
                  | Str-5 Slay+3} (You bought it in a shop on level 4 of the
                  | Dungeon)
  4491 | D:5      | Reached * piety under Hepliaklqana
  4533 | D:5      | Reached XP level 8. HP: 44/44 MP: 8/8
  4580 | D:5      | Reached skill level 5 in Dodging
  5309 | D:5      | Noticed Grinder
  5315 | D:5      | Killed Grinder
  5453 | D:5      | Reached skill level 11 in Ranged Weapons
  5535 | D:6      | Reached skill level 12 in Ranged Weapons
  5535 | D:6      | Reached XP level 9. HP: 48/48 MP: 9/9
  5715 | D:6      | Found a staircase to the Ecumenical Temple.
  5723 | D:6      | Noticed Menkaure
  5729 | D:6      | Killed Menkaure
  5730 | D:6      | Reached skill level 13 in Ranged Weapons
  5881 | D:6      | Reached ** piety under Hepliaklqana
  5882 | D:6      | Remembered your ancestor Aula as a knight
  6420 | D:7      | Reached skill level 14 in Ranged Weapons
  6531 | D:7      | Reached skill level 5 in Evocations
  6706 | D:7      | Reached XP level 10. HP: 53/53 MP: 10/10
  7014 | D:7      | Noticed Joseph
  7029 | D:7      | Killed Joseph
  7187 | D:7      | Noticed Maggie
  7195 | D:7      | Killed Maggie
  8078 | D:8      | Noticed Gastronok
  8082 | D:8      | Noticed Amaemon
  8086 | D:8      | Noticed an orange demon
  8255 | D:8      | Reached *** piety under Hepliaklqana
  8500 | D:8      | Killed Gastronok
  8501 | D:8      | Reached skill level 15 in Ranged Weapons
  8501 | D:8      | Reached XP level 11. HP: 55/61 MP: 11/11
  8548 | D:8      | Reached skill level 16 in Ranged Weapons
  8967 | D:8      | Killed Amaemon
  9052 | D:9      | Found a flagged portal.
  9063 | Bailey   | Entered a bailey
  9151 | Bailey   | Found a runed translucent gate.
  9152 | Bailey   | Found a runed translucent gate.
  9153 | Bailey   | Found a runed translucent gate.
  9218 | Bailey   | Noticed an orc warlord
  9301 | Bailey   | Killed an orc warlord
  9327 | D:9      | Reached skill level 18 in Ranged Weapons
  9327 | D:9      | Reached XP level 12. HP: 65/65 MP: 12/12
  9506 | D:9      | Noticed Maurice
  9512 | D:9      | Killed Maurice
  9536 | D:9      | Lost strength.
  9541 | D:9      | Noticed a two-headed ogre
  9547 | D:9      | Killed a two-headed ogre
  9757 | D:9      | Reached **** piety under Hepliaklqana
 10170 | D:10     | Entered Level 10 of the Dungeon
 10187 | D:9      | Mangled by a warg

Illustrated notes

Levels and vault maps discovered:
D:1:      amcnicky_arrival_choice, layout_loops_corners, minmay_misc_feat_rugged
D:2:      layout_basic, chequers_ecumenical_altar_twisty, basic_altar,
          uniq_terence, uniq_crazy_yiuf_cottage
D:3:      layout_loops_ring, nicolae_overflow_hallway_of_the_gods, uniq_robin
D:4:      layout_basic, mainiacjoe_overflow_six_doors_small, serial_shops,
          kennysheep_little_box, uniq_duvessa, uniq_ijyb
D:5:      layout_gridville, kennysheep_flooded_box, uniq_grinder
D:6:      layout_basic, minmay_temple_entry_hall, serial_curves, eino_curves_03,
          eino_curves_02, uniq_menkaure
D:7:      kennysheep_seaside_town, layout_loops_ring, uniq_maggie, uniq_joseph
D:8:      layout_gridville, special_room [special_room_orc], uniq_amaemon,
          uniq_gastronok
D:9:      layout_loops_ring, enter_bailey_5, uniq_maurice
D:10:     layout_rooms, nicolae_tso_carved_into_rock, erik_lair_orcish_takeover,
          kennysheep_orc_monster_closet_entryway

Skill      XL: |  1  2  3  4  5  6  7  8  9 10 11 12 |
---------------+-------------------------------------+-----
Fighting       | 3 4 5 8 |  8.0
Ranged Weapons | 7 8 10 12 14 15 18 | 18.2
Dodging        | 4 6 7 |  7.6
Evocations     | 6 11 | 11.6
Armour         | 4 |  4.0
Stealth        | |  1.3

Action                     |  1- 3 |  4- 6 |  7- 9 | 10-12 || total
---------------------------+-------+-------+-------+-------++-------
   Fire: Shortbow          |    65 |   145 |   196 |   304 ||   710
 Invoke: Ancestor Life: Kn |       |       |     1 |       ||     1
         Recall Ancestor   |       |       |       |     1 ||     1
  Evoke: Wand              |       |       |       |     4 ||     4
    Use: Scroll            |     2 |     9 |     2 |     8 ||    21
         Potion            |       |     4 |       |     3 ||     7
 Armour: Leather armour    |     2 |    26 |    15 |    18 ||    61
  Dodge: Dodged            |    10 |    69 |    32 |    70 ||   181

Table legend: (Time is in decaauts)
 A = Elapsed time spent in this place.
 B = Non-inter-level travel time spent in this place.
 C = Inter-level travel time spent in this place.
 D = Time resting spent in this place.
 E = Time spent auto-exploring this place.
 F = Levels seen in this place.
 G = Mean time per level.
                   A        B        C        D        E       F      G
               +--------+--------+--------+--------+--------+-----+--------+
         Total |  10525 |   9946 |    579 |    763 |   7762 |  11 |  956.8 |
       Dungeon |  10261 |   9682 |    579 |    763 |   7586 |  10 | 1026.1 |
        Bailey |    264 |    264 |      0 |      0 |    176 |   1 |  264.0 |
               +--------+--------+--------+--------+--------+-----+--------+

Top non-repeatable levels by time:
     D:2: 1584 daAuts
     D:7: 1360 daAuts
     D:8: 1233 daAuts
     D:9: 1224 daAuts
     D:5: 1179 daAuts
     D:1: 970 daAuts
     D:4: 914 daAuts
     D:3: 891 daAuts
     D:6: 886 daAuts
  Bailey: 264 daAuts
    D:10: 15 daAuts
